 Dungeon Crawl Stone Soup version 0.23.0 (webtiles) character file.

Game seed: 13465468771613990913

478 misha the Cudgeler (level 6, -2/56 HPs)
             Began as a Minotaur Fighter on Feb 17, 2019.
             Was a Believer of Trog.
             Killed from afar by Dowan (13 damage)
             ... with a stone arrow
             ... on level 4 of the Dungeon.
             The game lasted 00:17:58 (3006 turns).

misha the Cudgeler (Minotaur Fighter)               Turns: 3006, Time: 00:17:58

Health: -2/56      AC: 10    Str: 22    XL:     6   Next: 85%
Magic:  5/5        EV:  8    Int:  9    God:    Trog [**....]
Gold:   192        SH: 10    Dex: 10    Spells: 5/5 levels left

rFire    . . .     SeeInvis .   a - +0 flail
rCold    . . .     Gourm    .   c - +0 shield
rNeg     . . .     Faith    .   b - +0 scale mail
rPois    .         Spirit   .   (helmet restricted)
rElec    .         Reflect  .   (no cloak)
rCorr    .         Harm     .   (no gloves)
MR       .....                  l - +2 pair of boots
Stlth    +.........             (no amulet)
HPRegen  0.18/turn              e - ring of stealth
MPRegen  0.09/turn              v - +4 ring of intelligence

@: no status effects
A: retaliatory headbutt, horns 2
a: Berserk, Trog's Hand, Renounce Religion


You were on level 4 of the Dungeon.
You worshipped Trog.
Trog was pleased with you.
You were not hungry.

You visited 1 branch of the dungeon, and saw 4 of its levels.

You collected 192 gold pieces.

Inventory:

Hand Weapons
 a - a +0 flail (weapon)
Missiles
 t - 135 stones (quivered)
Armour
 b - a +0 scale mail (worn)
 c - a +0 shield (worn)
 l - a +2 pair of boots (worn)
 s - a +0 pair of gloves
Magical Staves
 A - an uncursed staff of energy {unknown}
Jewellery
 e - a ring of stealth (left hand)
 h - a cursed ring of attention
 r - a cursed ring of teleportation {unknown}
 v - a +4 ring of intelligence (right hand)
Wands
 u - a wand of enslavement (9)
 y - a wand of polymorph (8)
Scrolls
 g - 4 scrolls of remove curse {unknown}
 j - 2 scrolls of identify {unknown}
 k - 2 scrolls of teleportation {unknown}
 o - a scroll of enchant armour {unknown}
 p - a scroll of immolation {unknown}
 w - a scroll of blinking {unknown}
 z - 2 scrolls of amnesia {unknown}
Potions
 d - a potion of might
 i - a potion of cancellation {unknown}
 m - 2 potions of lignification {unknown}
 n - a potion of curing
 q - a potion of ambrosia {unknown}
 x - a potion of mutation {unknown}
Comestibles
 f - 8 rations


   Skills:
 + Level 5.3 Fighting
 + Level 6.1 Maces & Flails
 - Level 4.1 Armour
 - Level 0.3 Dodging
 + Level 5.9 Shields


You had 5 spell levels left.
You didn't know any spells.
Your spell library was empty.

Dungeon Overview and Level Annotations

Branches:
Dungeon (4/15)
 Temple: D:4-7

Altars:
Ashenzari
Cheibriados
Ru
Sif Muna
Trog
Vehumet

Annotations:
D:4 Dowan


Innate Abilities, Weirdness & Mutations

You reflexively headbutt those who attack you in melee.
You have a pair of horns on your head.


Message History

Dowan is heavily wounded.
Dowan hits you but does no damage. You block Dowan's attack.
You barely miss Dowan.
Dowan is heavily wounded.
Dowan hits you but does no damage.
You hit Dowan but do no damage. Your headbutt misses Dowan.
Dowan is heavily wounded.
Dowan gestures wildly while chanting.
Dowan blinks!
Dowan gestures wildly while chanting.
Dowan blinks!
Dowan breathes, "And she was my only..."
Dowan gestures wildly while chanting.
Dowan blinks!
Things that are here:
a +0 rapier; a +0 leather armour You start resting.
Dowan points at you and mumbles some strange words.
The stone arrow hits you!
You die...

#.....# #....?#
#.....# # #...e.+ #
#....$#
#########+#.....#
.............#'####
.............#.e..#
.............#..@.#
.............#....+
.............#....#
.............#....#
.....$.......#...##
.....#########...#
.....#<[..#......#
.....#....#......#
.....#....#......#


You could see Dowan.

Vanquished Creatures
  Duvessa (D:4)
  An ogre (D:3)
  2 orc priests (D:3)
  An iguana (D:3)
  Ijyb (D:3)
  An orc wizard (D:3)
  4 adders
  An ooze (D:2)
  2 worms (D:3)
  3 dart slugs
  3 leopard geckos
  17 orcs (D:3)
  7 bats
  2 giant cockroaches
  14 goblins
  3 hobgoblins
  5 kobolds
  2 ball pythons
  2 frilled lizards (D:2)
  12 rats
84 creatures vanquished.

Notes
Turn   | Place    | Note
-------+----------+-------------------------------------------
     0 | D:1      | misha the Minotaur Fighter began the quest for the Orb.
     0 | D:1      | Reached XP level 1. HP: 19/19 MP: 0/0
    87 | D:1      | Reached XP level 2. HP: 27/27 MP: 1/1
   931 | D:2      | Reached XP level 3. HP: 34/34 MP: 2/2
   967 | D:2      | Reached skill level 3 in Maces & Flails
  1111 | D:2      | Found a bloodstained altar of Trog.
  1144 | D:2      | Became a worshipper of Trog the Wrathful
  1293 | D:2      | Reached XP level 4. HP: 35/41 MP: 3/3
  1490 | D:3      | Found a snail-covered altar of Cheibriados.
  1705 | D:3      | Found a shattered altar of Ashenzari.
  1750 | D:3      | Noticed an ogre
  1769 | D:3      | Reached skill level 4 in Maces & Flails
  1772 | D:3      | Reached * piety under Trog
  1772 | D:3      | Reached XP level 5. HP: 26/47 MP: 4/4
  1787 | D:3      | Killed an ogre
  1787 | D:3      | Reached skill level 5 in Fighting
  1787 | D:3      | Reached skill level 5 in Maces & Flails
  1787 | D:3      | Reached skill level 5 in Shields
  2113 | D:3      | Reached XP level 6. HP: 55/56 MP: 5/5
  2376 | D:3      | Found a deep blue altar of Sif Muna.
  2379 | D:3      | Found a sacrificial altar of Ru.
  2382 | D:3      | Found a radiant altar of Vehumet.
  2452 | D:3      | Noticed Ijyb
  2462 | D:3      | Killed Ijyb
  2488 | D:3      | Reached ** piety under Trog
  2883 | D:4      | Noticed Duvessa
  2883 | D:4      | Noticed Dowan
  2990 | D:4      | Killed Duvessa
  2990 | D:4      | Reached skill level 6 in Maces & Flails
  3006 | D:4      | Killed from afar by Dowan

Skill      XL: |  1  2  3  4  5  6 |
---------------+-------------------+-----
Fighting       | 4 5 |  5.3
Armour         | 4 |  4.1
Maces & Flails | 3 4 5 6 |  6.1
Shields        | 4 5 |  5.9
Dodging        | |  0.3

Action                   |  1- 3 |  4- 6 || total
-------------------------+-------+-------++-------
Melee: Flail             |    92 |   101 ||   193
       Headbutt          |    12 |    21 ||    33
Throw: Stone             |       |    15 ||    15
  Use: Potion            |       |     2 ||     2
  Eat: Chunk             |     1 |     3 ||     4
       Ration            |       |     2 ||     2
Armor: Scale mail        |    55 |    63 ||   118
Dodge: Dodged            |    41 |    56 ||    97
Block: Shield            |    59 |    80 ||   139
